 Dungeon Crawl Stone Soup version 0.22.1-1-ga44c0e56f4 (webtiles) character file.

30 Inquisition the Skirmisher (level 3, -2/34 HPs)
             Began as a Minotaur Abyssal Knight on Oct 3, 2018.
             Was a Follower of Lugonu.
             Succumbed to a scorpion's poison
             ... on level 2 of the Dungeon.
             The game lasted 00:08:36 (1369 turns).

Inquisition the Skirmisher (MiAK)                   Turns: 1369, Time: 00:08:36

Health: -2/34      AC:  7    Str: 17      XL:     3   Next: 3%
Magic:  1/3        EV:  9    Int:  9      God:    Lugonu [*.....]
Gold:   18         SH:  0    Dex:  6 (9)  Spells: 2/2 levels left

rFire    . . .     SeeInvis .   a - +1 falchion
rCold    . . .     Gourm    .   (no shield)
rNeg     . . .     Faith    .   h - +0 scale mail
rPois    .         Spirit   +   (helmet restricted)
rElec    .         Reflect  .   (no cloak)
rCorr    .         Harm     .   (no gloves)
MR       .....                  n - +0 pair of boots
Stlth    ..........             e - amulet of guardian spirit
HPRegen  0.11/turn              (no ring)
MPRegen  0.08/turn              (no ring)

@: lethally poisoned (-2 -> -30), berserk cooldown, slowed, very slow
A: retaliatory headbutt, horns 2
a: Depart the Abyss, Renounce Religion


You were on level 2 of the Dungeon.
You worshipped Lugonu.
Lugonu was aware of your devotion.
You were not hungry.

You visited 1 branch of the dungeon, and saw 2 of its levels.
You visited the Abyss 1 time.

You collected 18 gold pieces.

Inventory:

Hand Weapons
 a - a +1 falchion (weapon)
Missiles
 j - 15 stones (quivered)
 m - 8 sling bullets
Armour
 b - a +0 leather armour
 h - a +0 scale mail (worn)
 n - a +0 pair of boots (worn)
Jewellery
 e - an amulet of guardian spirit (around neck)
Scrolls
 i - a scroll of identify
Potions
 f - a potion of might
Comestibles
 c - 3 rations


   Skills:
 * Level 4.5 Fighting
 + Level 2.8 Long Blades
 * Level 2.8 Armour
 + Level 1.2 Dodging
 + Level 1.8 Invocations


You had 2 spell levels left.
You didn't know any spells.
Your spell library was empty.

Dungeon Overview and Level Annotations

Branches:
Dungeon (2/15)

Altars:


Innate Abilities, Weirdness & Mutations

You reflexively headbutt those who attack you in melee.
You have a pair of horns on your head.


Message History

The stone barely misses you.
You hit the scorpion but do no damage. Your headbutt misses the scorpion.
The scorpion stings you.
You are poisoned.
The scorpion poisons you! The scorpion stings you.
You are lethally poisoned!
The scorpion poisons you! The worm bites you but does no damage.
You barely miss the scorpion.
You feel very sick. The scorpion barely misses you. The worm barely misses you.
The scorpion stings you.
* * * LOW HITPOINT WARNING * * *
* * * LOW HITPOINT WARNING * * *
You feel sick. The scorpion stings you.
* * * LOW HITPOINT WARNING * * *
You are more poisoned.
The scorpion poisons you! The kobold closely misses you. The worm bites you.
* * * LOW HITPOINT WARNING * * *
A gnoll comes into view.
You die...

...............#
..............##
...............
.......?.....#
..........(..####
.................
.......w(s.......
#.##..>K..)......
.........@.......
.#.......##......
#.......# .#....
.g.......# . ...
.#.......# . ..
#.......# %.
......... ####..#


You could see a worm, a scorpion and a kobold.

Vanquished Creatures
  An adder (D:2)
  A leopard gecko (D:1)
  2 bats (D:1)
  2 giant cockroaches (D:1)
  2 goblins (D:1)
  3 hobgoblins
  3 jackals (D:1)
  2 frilled lizards
  A kobold (D:2)
  A rat (D:1)
18 creatures vanquished.

Notes
Turn   | Place    | Note
-------+----------+-------------------------------------------
     0 | Abyss:1  | Inquisition the Minotaur Abyssal Knight began the quest for
                  | the Orb.
     0 | Abyss:1  | Reached XP level 1. HP: 19/19 MP: 1/1
    98 | Abyss:1  | Noticed a quasit
   101 | Abyss:1  | Noticed a jelly
   119 | D:1      | Escaped the Abyss
   459 | D:1      | Reached skill level 4 in Fighting
   524 | D:1      | Reached XP level 2. HP: 15/27 MP: 0/2
  1356 | D:2      | Reached * piety under Lugonu
  1356 | D:2      | Reached XP level 3. HP: 34/34 MP: 3/3
  1356 | D:2      | Noticed a scorpion
  1368 | D:2      | HP: 1/34 [worm (4)]
  1369 | D:2      | Succumbed to a scorpion's poison

Skill      XL: |  1 |
---------------+----+-----
Fighting       | 4 |  4.5
Long Blades    | |  2.8
Armour         | |  2.8
Dodging        | |  1.2
Invocations    | |  1.8

Action                   || total
-------------------------++-------
Melee: Falchion          ||    49
       Headbutt          ||     3
Invok: Depart the Abyss  ||     1
  Use: Scroll            ||     3
       Potion            ||     2
  Eat: Chunk             ||     1
Armor: Leather armour    ||    20
       Scale mail        ||     6
Dodge: Dodged            ||    57
       Rpst.: Falchion   ||    16
